 Dungeon Crawl Stone Soup version 0.26-a0-849-gf1512cd430 (webtiles) character file.

Game seed: 383339712104402630

245 Descartes the Blocker (level 6, -8/47 HPs)
             Began as a Formicid Fighter on Nov 20, 2020.
             Killed by nerve-wracking pain
             ... invoked by an orc priest
              (11 damage)
             ... on level 4 of the Dungeon.
             The game lasted 00:05:00 (2983 turns).

Descartes the Blocker (Formicid Fighter)            Turns: 2983, Time: 00:05:01

Health: -8/47      AC:  6    Str: 20    XL:     6   Next: 32%
Magic:  6/6        EV: 10    Int:  9    God:
Gold:   131        SH: 11    Dex: 11    Spells: 5/5 levels left

rFire    + . .     SeeInvis +   a - +0 war axe
rCold    . . .     Faith    .   c - +0 kite shield
rNeg     . . .     Spirit   .   e - +1 leather armour {rPois}
rPois    +         Reflect  .   (helmet unavailable)
rElec    .         Harm     .   m - +0 cloak (curse)
rCorr    .         Rampage  .   p - +0 pair of gloves
MR       +....                  (no boots)
Stlth    +.........             (no amulet)
HPRegen  0.15/turn              n - ring of protection from fire
MPRegen  0.10/turn              i - ring of protection from magic

@: no status effects
A: permanent stasis, dig shafts and tunnels, four strong arms, antennae 3
a: Dig, Shaft Self


You were on level 4 of the Dungeon.
You visited 1 branch of the dungeon, and saw 5 of its levels.

You collected 131 gold pieces.

Inventory:

Hand Weapons
 a - a +0 war axe (weapon)
Missiles
 l - 8 poisoned darts (quivered)
Armour
 b - a +0 scale mail
 c - a +0 kite shield (worn)
 e - a +1 leather armour of poison resistance (worn)
 m - a cursed +0 cloak (worn)
 p - a +0 pair of gloves (worn)
Jewellery
 g - an uncursed ring of positive energy
 i - a ring of protection from magic (right hand)
 n - a ring of protection from fire (left hand)
 r - an uncursed amulet of guardian spirit {unknown}
Scrolls
 h - 2 scrolls of teleportation {unknown}
 k - a scroll of identify {unknown}
 o - a scroll of blinking {unknown}
 s - a scroll of amnesia {unknown}
Potions
 d - a potion of might
 f - a potion of resistance {unknown}
 j - a potion of berserk rage {unknown}
 q - 2 potions of mutation {unknown}


   Skills:
 - Level 3.2 Fighting
 - Level 2.0 Axes
 - Level 3.2 Armour
 + Level 8.0 Shields


You had 5 spell levels left.
You didn't know any spells.
Your spell library was empty.

Dungeon Overview and Level Annotations

Branches:
Dungeon (5/15)
 Temple: D:4-7

Altars:
Cheibriados
Elyvilon
Makhleb
Qazlal
Ru
Sif Muna
Wu Jian
Zin

Shops:
D:5 *


Innate Abilities, Weirdness & Mutations

You cannot be hasted, slowed, berserked, paralysed or teleported.
You can dig through walls and to a lower floor.
Your four strong arms can wield two-handed weapons with a shield.
You have a pair of large antennae on your head. (SInv)


Message History

You block the orc priest's attack. The orc priest closely misses you.
You hit the orc priest.
You kill the orc priest!
You barely miss the orc priest.
The orc priest hits you with a +0 falchion.
* * * LOW HITPOINT WARNING * * *
Your Shields skill increases to level 8!
You hit the orc priest but do no damage.
You block the orc priest's attack.
The orc priest calls down the wrath of Beogh upon you.
Pain shoots through your body!
* * * LOW HITPOINT WARNING * * *
You barely miss the orc priest.
The orc priest hits you with a +0 falchion.
* * * LOW HITPOINT WARNING * * *
You hit the orc priest.
The orc priest is lightly wounded.
The orc priest invokes the aid of Beogh against you.
Pain shoots through your body!
You die...

#.###.#..#
#.##o#..##
##.#.#..## {
##.###.(##
#.....#.##
#.##.#........
#†##..#.....
##o#.##.####
##@.# .# #.##
. ..# # .###
.# ##


You could see an orc priest.

Vanquished Creatures
  A hound (D:5)
  An orc priest (D:4)
  2 orc wizards
  Terence (D:2)
  A worker ant (D:4)
  2 adders (D:2)
  A worm (D:2)
  2 dart slugs
  3 leopard geckos
  6 orcs
  4 giant cockroaches
  6 goblins
  6 hobgoblins
  3 kobolds
  9 bats
  2 frilled lizards (D:1)
  4 rats
54 creatures vanquished.

Notes
Turn   | Place    | Note
-------+----------+-------------------------------------------
     0 | D:1      | Descartes the Formicid Fighter began the quest for the Orb.
     0 | D:1      | Reached XP level 1. HP: 18/18 MP: 1/1
   140 | D:1      | Reached skill level 4 in Shields
   338 | D:1      | Reached XP level 2. HP: 3/24 MP: 2/2
   860 | D:1      | Reached XP level 3. HP: 29/29 MP: 3/3
   960 | D:1      | Reached skill level 5 in Shields
  1443 | D:2      | Reached XP level 4. HP: 22/35 MP: 4/4
  1780 | D:2      | Noticed Terence
  1786 | D:2      | Killed Terence
  1787 | D:2      | Reached skill level 6 in Shields
  1986 | D:2      | Found an ornate altar of the Wu Jian Council.
  1989 | D:2      | Found a snail-covered altar of Cheibriados.
  1992 | D:2      | Found a sacrificial altar of Ru.
  1995 | D:2      | Found a glowing silver altar of Zin.
  2643 | D:3      | Found a white marble altar of Elyvilon.
  2644 | D:3      | Found a stormy altar of Qazlal.
  2647 | D:3      | Found a burning altar of Makhleb.
  2702 | D:3      | Reached XP level 5. HP: 41/41 MP: 5/5
  2720 | D:3      | Found a shimmering blue altar of Sif Muna.
  2758 | D:3      | You fall into a shaft and drop 2 floors!
  2758 | D:5      | Entered Level 5 of the Dungeon
  2905 | D:5      | Reached skill level 7 in Shields
  2913 | D:5      | Found Ullir's General Store.
  2963 | D:4      | Reached XP level 6. HP: 24/47 MP: 6/6
  2980 | D:4      | Reached skill level 8 in Shields
  2983 | D:4      | Killed from afar by an orc priest

Illustrated notes

Levels and vault maps discovered:
D:1:      elethiomel_arrival_infinity_welcomes_careful_drivers, layout_basic
D:2:      layout_basic, grunt_temple_overflow_cloverleaf, uniq_terence
D:3:      layout_loops_ring, minitemple, lemuel_round_altar
D:4:      layout_rooms, serial_rivers, chequers_serial_rivers_micro_a,
          chequers_serial_rivers_micro_b, chequers_serial_rivers_small_3,
          chequers_serial_rivers_micro_e, chequers_serial_rivers_large_b,
          minmay_cut_off
D:5:      layout_gridville, minmay_temple_entry_butterflies, serial_shops, shop

Skill      XL: |  1  2  3  4  5  6 |
---------------+-------------------+-----
Shields        | 4 5 6 7 8 |  8.0
Fighting       | |  3.2
Axes           | |  2.0
Armour         | |  3.2

Action                   |  1- 3 |  4- 6 || total
-------------------------+-------+-------++-------
Melee: War axe           |    68 |   100 ||   168
 Abil: Dig               |       |     3 ||     3
 Stab: Sleeping          |       |     1 ||     1
Armor: Scale mail        |     4 |       ||     4
       Leather armour    |    29 |    19 ||    48
Dodge: Dodged            |    28 |    45 ||    73
Block: Kite shield       |    31 |    72 ||   103

Table legend: (Time is in decaauts)
 A = Elapsed time spent in this place.
 B = Non-inter-level travel time spent in this place.
 C = Inter-level travel time spent in this place.
 D = Time resting spent in this place.
 E = Time spent auto-exploring this place.
 F = Levels seen in this place.
 G = Mean time per level.
                   A        B        C        D        E       F      G
               +--------+--------+--------+--------+--------+-----+--------+
         Total |   3055 |   3004 |     51 |      0 |   2485 |   5 |  611.0 |
       Dungeon |   3055 |   3004 |     51 |      0 |   2485 |   5 |  611.0 |
               +--------+--------+--------+--------+--------+-----+--------+

Top non-repeatable levels by time:
     D:2: 1341 daAuts
     D:1: 1325 daAuts
     D:5: 188 daAuts
     D:3: 143 daAuts
     D:4: 56 daAuts
